 Dungeon Crawl Stone Soup version 0.23.2-40-g277498a001 (webtiles) character file.

Game seed: 14078947090261273377

7758 Curus the Nimble (level 11, -8/70 HPs)
             Began as a Merfolk Transmuter on Sept 30, 2019.
             Was a High Priest of Okawaru.
             Mangled by a vampire (11 damage)
             ... on level 10 of the Dungeon.
             The game lasted 01:01:01 (11659 turns).

Curus the Nimble (Merfolk Transmuter)              Turns: 11659, Time: 01:01:01

Health: -8/70      AC:  5    Str: 12    XL:     11   Next: 20%
Magic:  7/14       EV: 26    Int: 15    God:    Okawaru [*****.]
Gold:   122        SH:  0    Dex: 16    Spells: 3/16 levels left

rFire    . . .     SeeInvis .     - Unarmed
rCold    + . .     Gourm    .   (shield currently unavailable)
rNeg     . . .     Faith    .   y - +2 robe {MR+}
rPois    .         Spirit   .   (no helmet)
rElec    .         Reflect  .   A - scarf {repulsion}
rCorr    .         Harm     .   (gloves currently unavailable)
MR       +....                  v - +0 pair of boots
Stlth    +++.......             o - amulet of the acrobat
HPRegen  0.21/turn              B - ring of protection from cold
MPRegen  0.14/turn              (no ring)

@: blade hands, heroism, repel missiles
A: change form in water, swift swim, stealthy swim, blurry vision 1, low mp 1,
strong 1
a: End Transformation, Heroism, Finesse, Renounce Religion


You were on level 10 of the Dungeon.
You worshipped Okawaru.
Okawaru was extremely pleased with you.
You were hungry.
You had blades for hands.
You visited 2 branches of the dungeon, and saw 11 of its levels.
You also visited: Sewer.

You collected 574 gold pieces.
You spent 452 gold pieces at shops.

Inventory:

Missiles
 a - 108 arrows
Armour
 b - a +0 robe
 j - a +1 pair of gloves (melded)
 n - a +0 cloak
 s - a +0 robe
 v - a +0 pair of boots (worn)
 x - a +2 robe of positive energy
 y - a +2 robe of magic resistance (worn)
 A - a scarf of repulsion (worn)
Jewellery
 i - an uncursed ring of ice
 o - an amulet of the acrobat (around neck)
 B - a ring of protection from cold (left scythe-like blade)
Wands
 p - a wand of polymorph (14)
 t - a wand of digging (3)
 u - a wand of random effects (22)
 w - a wand of flame (23)
Scrolls
 e - 4 scrolls of fog
 f - 8 scrolls of teleportation
 h - 5 scrolls of enchant weapon
 l - 2 scrolls of remove curse
 q - 10 scrolls of identify
Potions
 c - 4 potions of curing
 g - a potion of might
 k - a potion of brilliance
 m - 3 potions of flight
 r - a potion of agility
 z - 2 potions of haste
Comestibles
 d - 17 rations
 C - 5 chunks of flesh


   Skills:
 - Level 1.1(6.1) Fighting
 - Level 13.3(18.3) Dodging
 + Level 10.5(15.5) Unarmed Combat
 - Level 3.1 Spellcasting
 - Level 10.9 Transmutations
 - Level 3.1 Ice Magic
 - Level 3.6 Poison Magic


You had 3 spell levels left.
You knew the following spells:

 Your Spells              Type           Power        Failure   Level  Hunger
a - Beastly Appendage     Tmut           #####.       9%          1    #......
b - Spider Form           Tmut/Pois      ###.......   26%         3    ###....
c - Blade Hands           Tmut           #####.....   36%         5    ######.
d - Ice Form              Ice/Tmut       ###.....     47%         4    #####..

Your spell library contained the following spells:

 Spells                   Type           Power        Failure   Level  Hunger
 Sticks to Snakes         Tmut           #####...     11%         2    ##.....
 Freeze                   Ice            ##..         34%         1    #......
 Throw Frost              Conj/Ice       #.....       56%         2    ##.....
 Ozocubu's Armour         Chrm/Ice       #.......     73%         3    ###....
 Summon Ice Beast         Ice/Summ       #.......     96%         4    #####..
 Throw Icicle             Conj/Ice       #.......     96%         4    #####..


Dungeon Overview and Level Annotations

Branches:
Dungeon (10/15)            Temple (1/1) D:5
   Lair: D:8-11         Orc: D:9-12

Altars:
Cheibriados
Elyvilon
Fedhas
Gozag
Hepliaklqana
Makhleb
Okawaru
Ru
Trog
Uskayaw
Vehumet
Xom
Yredelemnul
Zin
The Shining One

Shops:
D:7 *   D:8 (:*(

Annotations:
D:7 3 runed translucent doors, Safir's ghost, novice DDFi; Thomus's ghost, novice DECj; cvulpes's ghost, novice KoAs
D:8 1 runed translucent door


Innate Abilities, Weirdness & Mutations

You revert to your normal form in water You are very nimble and swift while swimming.
You are very stealthy in the water. (Stealth+)
Scrolls take you a little longer to read.
Your magical capacity is low. (-10% MP)
Your muscles are strong. (Str +2)


Message History

Beogh smites you!
You slash the orc!
You kill the orc!
The orc wizard misses you. Something closely misses you. Something bites you!
* * * LOW HITPOINT WARNING * * *
Something draws strength from your injuries!
The orc wizard barely misses you.
Items here: )) [[ † a +0 mace; a +0 scale mail; a +0 hand axe; a +0 chain mail; a worker ant corpse
Okay, then.
Unknown command.
Okay, then.
You gain the combat prowess of a mighty hero.
An ogre comes into view. It is wielding a +0 giant club.
Something completely misses you. Something misses you.
The orc wizard misses you.
You slice something!! Something hits you!
* * * LOW HITPOINT WARNING * * *
Something bites you!
You die...

#...##.#..
#######.. ..#
#.####.###
......... #.# #.#
#.# ######.# #. #.#
#.# #.# #.# #.##.#
#.# #.# #.# #.##.#
#.####.####### #.#
###.##.#
#.#........... #.#
....##.#
#.#.##.####### #.#
#..##.## #.#.##@#
#.#
#..#.#.###.#.##o.#
#.#
#...###.##.#.##ooh#
#.. #..##
##...#.###...# ###
##..###.####.#
....# #.#.#.##....#
.....#
#.##.###.####
..PO.# #.##.###.#
...... #.##.....#


You could see a warg, an ogre, an orc priest, an orc wizard and an orc.

Vanquished Creatures
  Harold (D:8)
  A two-headed ogre (D:9)
  The ghost of appiemonkey the Spear-Bearer, a novice MiGl of Okawaru (D:9)
  Pikel (D:8)
  A slime creature (D:6)
  2 hippogriffs
  A wyvern (D:8)
  Sigmund (D:2)
  A steam dragon (D:9)
  A warg (D:10)
  A slave (D:8)
  A sky beast (D:8)
  5 orc warriors
  4 ice beasts
  A phantom (D:8)
  A necrophage (D:5)
  3 ogres
  An eye of draining (D:9)
  A centaur (D:10)
  A spectral wyvern (D:9)
  6 big kobolds
  3 bullfrogs
  2 scorpions
  4 wights (D:9)
  5 howler monkeys
  A crimson imp (D:9)
  A spectral centaur (D:9)
  A bullfrog zombie (D:9)
  7 jellies
  Crazy Yiuf (D:2)
  5 hounds
  A gnoll shaman (D:9)
  5 orc priests
  A centaur skeleton (D:8)
  4 bullfrog skeletons
  3 iguanas
  6 orc wizards
  4 worker ants
  3 bullfrog simulacra (D:9)
  A hound zombie (D:6)
  A worker ant zombie (D:9)
  8 gnolls
  18 adders
  4 river rats
  3 shadow imps
  16 oozes
  An adder skeleton (D:5)
  5 worms
  6 dart slugs
  8 leopard geckos
  22 orcs
  6 giant cockroaches
  7 goblins
  6 hobgoblins
  7 jackals
  7 quokkas
  5 ball pythons
  A bat (D:2)
  4 frilled lizards
  58 kobolds
  A leopard gecko skeleton (D:6)
  A quokka zombie (D:8)
  11 rats
300 creatures vanquished.

Vanquished Creatures (collateral kills)
  A hippogriff (D:9)
1 creature vanquished.

Vanquished Creatures (others)
  2 slaves (D:8)
2 creatures vanquished.

Grand Total: 303 creatures vanquished

Notes
Turn   | Place    | Note
-------+----------+-------------------------------------------
     0 | D:1      | Curus the Merfolk Transmuter began the quest for the Orb.
     0 | D:1      | Reached XP level 1. HP: 15/15 MP: 3/3
   255 | D:1      | Reached XP level 2. HP: 15/21 MP: 5/5
   322 | D:1      | Gained mutation: Your magical capacity is low. (-10% MP)
                  | [potion of mutation]
   322 | D:1      | Gained mutation: Scrolls take you a little longer to read.
                  | [potion of mutation]
   322 | D:1      | Gained mutation: Your muscles are strong. (Str +2) [potion
                  | of mutation]
   637 | D:1      | Reached XP level 3. HP: 26/26 MP: 5/5
   642 | D:1      | Learned a level 3 spell: Spider Form
  1255 | D:2      | Reached skill level 1 in Poison Magic
  1583 | D:2      | Noticed Sigmund
  1592 | D:2      | Killed Sigmund
  1592 | D:2      | Reached skill level 5 in Transmutations
  1592 | D:2      | Reached XP level 4. HP: 32/32 MP: 2/6
  1592 | D:2      | Reached XP level 5. HP: 37/37 MP: 2/7
  1788 | D:2      | Reached XP level 6. HP: 34/43 MP: 3/8
  2259 | D:2      | Found a snail-covered altar of Cheibriados.
  2294 | D:2      | Found a runed translucent door.
  2295 | D:2      | Noticed Crazy Yiuf
  2369 | D:2      | Killed Crazy Yiuf
  2748 | D:3      | Reached skill level 5 in Unarmed Combat
  2760 | D:3      | Found a bloodstained altar of Trog.
  2863 | D:3      | Found a white marble altar of Elyvilon.
  4257 | D:5      | Entered Level 5 of the Dungeon
  4321 | D:5      | Found a glowing drain.
  4336 | Sewer    | Entered a sewer
  4670 | Sewer    | Reached XP level 7. HP: 36/48 MP: 9/9
  4688 | Sewer    | Found a white marble altar of Elyvilon.
  4761 | D:5      | Found a staircase to the Ecumenical Temple.
  4775 | Temple   | Entered the Ecumenical Temple
  4790 | Temple   | Became a worshipper of Warmaster Okawaru
  5595 | D:5      | Reached XP level 8. HP: 31/52 MP: 6/9
  5926 | D:5      | Reached * piety under Okawaru
  6342 | D:5      | Reached skill level 10 in Unarmed Combat
  6351 | D:5      | Learned a level 5 spell: Blade Hands
  6481 | D:6      | Noticed a hippogriff
  6580 | D:6      | Noticed a slime creature
  6597 | D:6      | Killed a slime creature
  6597 | D:6      | Reached ** piety under Okawaru
  6597 | D:6      | Reached XP level 9. HP: 40/59 MP: 7/10
  6623 | D:6      | HP: 2/59 [acid (8)]
  7508 | D:7      | Found a runed translucent gate.
  7508 | D:7      | Found a runed translucent gate.
  7508 | D:7      | Found a runed translucent gate.
  7665 | D:7      | Reached skill level 10 in Transmutations
  7893 | D:7      | Found an opulent altar of Gozag.
  7943 | D:7      | Found Doirona's General Store.
  7949 | D:7      | Found a hazy altar of Hepliaklqana.
  7966 | D:7      | Bought a scroll of teleportation for 36 gold pieces
  8407 | D:7      | Learned a level 4 spell: Ice Form
  8756 | D:7      | Noticed Safir's ghost (novice DDFi)
  8756 | D:7      | Noticed Thomus's ghost (novice DECj)
  8756 | D:7      | Noticed cvulpes's ghost (novice KoAs)
  8871 | D:7      | Reached skill level 1 in Ice Magic
  9182 | D:8      | Reached skill level 3 in Dodging
  9356 | D:8      | Found a runed translucent door.
  9356 | D:8      | Noticed an angel
  9357 | D:8      | Found a white marble altar of Elyvilon.
  9361 | D:8      | Found Oguejohaunk's Book Boutique.
  9366 | D:8      | Reached skill level 4 in Dodging
  9369 | D:8      | Noticed Pikel
  9390 | D:8      | Killed Pikel
  9390 | D:8      | Reached *** piety under Okawaru
  9390 | D:8      | Reached skill level 6 in Dodging
  9390 | D:8      | Reached XP level 10. HP: 39/65 MP: 9/13
  9403 | D:8      | Found Zekoy's General Store.
  9411 | D:8      | Bought a potion of haste for 160 gold pieces
  9411 | D:8      | Bought a potion of haste for 160 gold pieces
  9411 | D:8      | Bought a scroll of teleportation for 48 gold pieces
  9411 | D:8      | Bought a scroll of teleportation for 48 gold pieces
  9648 | D:8      | Reached skill level 7 in Dodging
  9662 | D:8      | Found Nano's Antique Weapon Emporium.
  9883 | D:8      | Found Kitoskuvu's Weapon Boutique.
 10052 | D:8      | Noticed Harold
 10070 | D:8      | Killed Harold
 10070 | D:8      | Reached **** piety under Okawaru
 10070 | D:8      | Reached skill level 9 in Dodging
 10317 | D:9      | Reached skill level 10 in Dodging
 10630 | D:9      | Noticed a two-headed ogre
 10659 | D:9      | Killed a two-headed ogre
 10659 | D:9      | Reached ***** piety under Okawaru
 10659 | D:9      | Reached skill level 11 in Dodging
 10957 | D:9      | Reached skill level 12 in Dodging
 11133 | D:9      | Found a runed translucent gate.
 11133 | D:9      | Found a runed translucent gate.
 11133 | D:9      | Found a runed translucent gate.
 11134 | D:9      | Noticed appiemonkey's ghost (novice MiGl)
 11189 | D:9      | Reached XP level 11. HP: 57/70 MP: 11/14
 11394 | D:9      | Killed appiemonkey's ghost
 11394 | D:9      | Reached skill level 13 in Dodging
 11481 | D:10     | Entered Level 10 of the Dungeon
 11659 | D:10     | HP: 3/70 [something (10)]
 11659 | D:10     | Mangled by a vampire

Skill      XL: |  1  2  3  4  5  6  7  8  9 10 11 |
---------------+----------------------------------+-----
Unarmed Combat | 4 6 8 10 | 10.5
Transmutations | 5 8 10 | 10.9
Poison Magic   | 3 |  3.6
Spellcasting   | 3 |  3.1
Ice Magic      | 3 |  3.1
Dodging        | 6 12 13 | 13.3
Fighting       | |  1.1

Action                   |  1- 3 |  4- 6 |  7- 9 | 10-12 || total
-------------------------+-------+-------+-------+-------++-------
Melee: Unarmed           |    96 |   228 |   468 |   298 ||  1090
       Punch             |     3 |     1 |    15 |    10 ||    29
       Headbutt          |     3 |    17 |    29 |    11 ||    60
       Tailslap          |       |     3 |       |       ||     3
 Cast: Beastly Appendage |     6 |    17 |    20 |     9 ||    52
       Spider Form       |     2 |     4 |    10 |     3 ||    19
       Ice Form          |       |       |     1 |     1 ||     2
       Blade Hands       |       |       |       |     4 ||     4
Invok: Heroism           |       |       |     2 |     1 ||     3
  Use: Scroll            |     6 |     3 |       |     2 ||    11
       Potion            |     5 |     3 |     6 |       ||    14
 Stab: Sleeping          |     2 |     1 |     2 |     1 ||     6
       Invisible         |       |       |     1 |       ||     1
  Eat: Chunk             |     2 |     8 |    10 |     9 ||    29
       Ration            |       |     1 |     2 |       ||     3
Armor: Robe              |     6 |    49 |    71 |    24 ||   150
       Skin              |       |     3 |     1 |     1 ||     5
Dodge: Dodged            |    50 |   147 |   307 |   231 ||   735
